 Dungeon Crawl Stone Soup version 0.28-a0-1404-g4df0f3684d (webtiles) character file.

Game seed: 17601339521284969492

107 porpoise the Insei (level 4, 0/34 HPs)
             Began as a Demonspawn Transmuter on Jan 6, 2022.
             Slain by Grinder (6 damage)
             ... while paralysed by Grinder
             ... on level 4 of the Dungeon.
             The game lasted 00:08:37 (3371 turns).

porpoise the Insei (Demonspawn Transmuter)          Turns: 3371, Time: 00:08:38

Health: 0/34       AC:  3    Str: 12    XL:     4   Next: 57%
Magic:  6/7        EV:  2    Int: 14    God:
Gold:   198        SH:  0    Dex: 14    Spells: 6/7 levels left

rFire   . . .      SeeInvis .   a - +2 dagger (venom)
rCold   . . .      Faith    .   (no shield)
rNeg    . . .      Spirit   .   i - +0 robe
rPois   .          Reflect  .   (helmet currently unavailable)
rElec   .          Harm     .   o - +0 cloak
rCorr   .          Rampage  .   (no gloves)
Will    .....                   (boots currently unavailable)
Stlth   ++........              (no amulet)
HPRegen 0.11/turn               (no ring)
MPRegen 0.10/turn               (no ring)

@: paralysed, appendages (expiring), hasted, studying Throwing
A: horns 2, talons 2, spiny 1, condensation shield
a: End Transformation


You were on level 4 of the Dungeon.
You had temporarily grown beastly horns and talons.
You visited 1 branch of the dungeon, and saw 4 of its levels.

You collected 198 gold pieces.

Inventory:

Hand Weapons
 a - a +2 dagger of venom (weapon)
 b - a +0 hunting sling
 r - a +3 falchion
Missiles
 e - 179 stones
 f - 8 poisoned darts (quivered)
 u - 21 sling bullets
Armour
 d - a +0 helmet (melded)
 i - a +0 robe (worn)
 o - a +0 cloak (worn)
Scrolls
 g - a scroll of vulnerability {unknown}
 h - a scroll of magic mapping {unknown}
 j - a scroll of summoning {unknown}
 k - a scroll of immolation {unknown}
 m - a scroll of torment {unknown}
 s - a scroll of amnesia {unknown}
 w - a scroll of teleportation {unknown}
 y - a scroll of identify
 z - a scroll of acquirement {unknown}
Potions
 c - 2 potions of curing
 l - a potion of haste
 n - a potion of lignification {unknown}
 p - a potion of cancellation {unknown}
 q - a potion of invisibility {unknown}
 t - a potion of flight {unknown}
 v - a potion of attraction {unknown}
 x - a potion of magic {unknown}


   Skills:
 * Level 2.9 Fighting
 - Level 1.7 Dodging
 + Level 1.7 Stealth
 * Level 3.7 Unarmed Combat
 - Level 2.0 Spellcasting
 - Level 1.7 Transmutations


You had 6 spell levels left.
You knew the following spells:

 Your Spells              Type           Power      Damage    Failure   Level
a - Beastly Appendage     Tmut           12%        N/A       12%         1

Your spell library contained the following spells:

 Spells                   Type           Power      Damage    Failure   Level
 Wereblood                Tmut           6%         N/A       17%         2
 Animate Skeleton         Necr           2%         N/A       24%         1
 Apportation              Tloc           2%         N/A       24%         1
 Summon Small Mammal      Summ           4%         N/A       24%         1
 Spider Form              Tmut/Pois      3%         N/A       45%         3
 Ice Form                 Ice/Tmut       3%         N/A       86%         4


Dungeon Overview and Level Annotations

Branches:
Dungeon (4/15)
 Temple: D:4-7

Altars:
Okawaru
Yredelemnul
The Shining One

Shops:
D:1 !

Annotations:
D:4 Grinder


Innate Abilities, Weirdness & Mutations

You have temporarily grown beastly horns and talons.
You are partially covered in sharp spines.
A meltable shield of frost defends you. (SH +4)


Message History

You now have 198 gold pieces (gained 7).
There is an iron altar of Okawaru here.
You see here a hobgoblin corpse.
There is an escape hatch in the ceiling here.
You pick up a manual of Throwing and begin studying.
Grinder comes into view.
Grinder shouts!
Grinder gestures at you.
You suddenly lose the ability to move!
Grinder blinks!
You can move again.
You feel better.
Grinder says, "Don't move a muscle."
Grinder blinks!
You aren't carrying any items that you can evoke.
Unknown command.
Unknown command.
Your +2 dagger of venom begins to drip with poison!
a - a +2 dagger of venom (weapon)
You feel yourself speed up. Grinder gestures at you.
You resist with significant effort.
Casting: Beastly Appendage (safe; 12% risk of failure)
Confirm with . or Enter, or press ? or * to list all spells.
You grow a pair of large bovine horns.
Your feet morph into talons.
Your +0 helmet melds into your body.
You hit Grinder. Your kick misses Grinder.
Grinder is lightly wounded.
Grinder gestures at you.
You suddenly lose the ability to move!
Your transformation is almost over.
Grinder is struck by your spines. Grinder hits you.
Grinder is struck by your spines. Grinder hits you!
You writhe in agony.
Grinder is struck by your spines. Grinder hits you.
You writhe in agony.
* * * LOW HITPOINT WARNING * * *
Grinder gestures at you. Pain shoots through your body!
* * * LOW HITPOINT WARNING * * *
Grinder hits you.
You die...

# ##### #.##...####
#######...
.....#.##.##
#.@5......
#...#...###.#####...
##._......##.##
#........##...##
#..#...†<....#.#
#.....#.###.#.##
##...##.# ##.##
######'## ### ###
##...##


You could see Grinder.

Vanquished Creatures
  Terence (D:3)
  3 adders
  A worm (D:2)
  2 dart slugs
  4 ball pythons (D:3)
  4 endoplasms
  3 giant cockroaches (D:1)
  3 hobgoblins
  3 jackals (D:2)
  4 kobolds
  2 quokkas (D:2)
  5 bats
  2 frilled lizards
  6 goblins
  7 rats
50 creatures vanquished.

Notes
Turn   | Place    | Note
-------+----------+-------------------------------------------
     0 | D:1      | porpoise the Demonspawn Transmuter began the quest for the
                  | Orb.
     0 | D:1      | Reached XP level 1. HP: 15/15 MP: 3/3
   288 | D:1      | Gained mutation: You are partially covered in sharp spines.
                  | [demonic ancestry]
   288 | D:1      | Reached XP level 2. HP: 18/21 MP: 3/5
   534 | D:1      | Found Pacuiz's Distillery.
   555 | D:1      | Reached skill level 3 in Unarmed Combat
   698 | D:1      | Found a faded altar of an unknown god.
  1259 | D:2      | Found a basalt altar of Yredelemnul.
  1311 | D:2      | Reached skill level 1 in Stealth
  1311 | D:2      | Reached XP level 3. HP: 22/27 MP: 6/6
  2108 | D:3      | Gained mutation: A meltable shield of frost defends you.
                  | (SH +4) [demonic ancestry]
  2108 | D:3      | Reached XP level 4. HP: 27/34 MP: 5/7
  2542 | D:3      | Noticed Terence
  2554 | D:3      | Killed Terence
  3315 | D:4      | Found an iron altar of Okawaru.
  3354 | D:4      | Noticed Grinder
  3355 | D:4      | Paralysed by Grinder for 6 turns
  3366 | D:4      | Paralysed by Grinder for 7 turns
  3371 | D:4      | Slain by Grinder

Illustrated notes

Levels and vault maps discovered:
D:1:      dpeg_arrival_another_circle, layout_basic, serial_shops, shop,
          dilly_ecumenical_altar_fadedgnrine
D:2:      kennysheep_six_static_rooms, layout_loops_ring, basic_altar
D:3:      layout_basic, mainiacjoe_overflow_boulevard, uniq_terence
D:4:      kennysheep_kobold_camp, layout_loops_corners,
          mainiacjoe_overflow_tiny_flanked, mainiacjoe_overflow_catwalk,
          uniq_grinder

Skill      XL: |  1  2 |
---------------+-------+-----
Unarmed Combat | 3 |  3.7
Fighting       | 2 |  2.9
Stealth        | 1 |  1.7
Dodging        | |  1.7
Spellcasting   | |  2.0
Transmutations | |  1.7

Action                   |  1- 3 |  4- 6 || total
-------------------------+-------+-------++-------
Melee: Unarmed           |    13 |       ||    13
       Headbutt          |     5 |     2 ||     7
       Kick              |    13 |     3 ||    16
       Falchion          |    11 |       ||    11
       Dagger            |    31 |    18 ||    49
       Punch             |       |     1 ||     1
 Fire: Hunting sling     |       |     2 ||     2
Throw: Dart              |     6 |     5 ||    11
 Cast: Beastly Appendage |    16 |     2 ||    18
  Use: Scroll            |       |     2 ||     2
       Potion            |       |     2 ||     2
 Stab: Sleeping          |     5 |     3 ||     8
Armor: Robe              |     4 |     1 ||     5
Dodge: Dodged            |    26 |     4 ||    30
Block: Other             |       |     2 ||     2

Table legend: (Time is in decaauts)
 A = Elapsed time spent in this place.
 B = Non-inter-level travel time spent in this place.
 C = Inter-level travel time spent in this place.
 D = Time resting spent in this place.
 E = Time spent auto-exploring this place.
 F = Levels seen in this place.
 G = Mean time per level.
                   A        B        C        D        E       F      G
               +--------+--------+--------+--------+--------+-----+--------+
         Total |   3366 |   3259 |    107 |    615 |   2150 |   4 |  841.5 |
       Dungeon |   3366 |   3259 |    107 |    615 |   2150 |   4 |  841.5 |
               +--------+--------+--------+--------+--------+-----+--------+

Top non-repeatable levels by time:
     D:3: 1129 daAuts
     D:2: 1049 daAuts
     D:1: 1018 daAuts
     D:4: 169 daAuts
